Map: Oxide LE

Players

SpeCial - Winner!

  • Race: Terran Terran

Cham

  • Race: Zerg Zerg

Event: DreamHack SC2 Masters 2021 Winter

VOD

Have the link to the VOD?

Description

Time

  • Played on: Oct. 1, 2021, 3:41 p.m.
  • Length: 14:45

All games in this series

Show
View Real Time Build Order
Export as new Build Order

SpeCial Terran - Winner!

Build Orders: Gas First Reaper Expand, Hellion Banshee 

Get SALT Encoding   

  12  0:00  SCV  
  13  0:12  SCV  
  14  0:17  Supply Depot  
  14  0:24  SCV  
  14  0:27  Refinery  
  15  0:39  SCV  
  16  0:44  Barracks  
  16  0:51  SCV  
  17  1:03  SCV  
  18  1:15  SCV  
  19  1:31  Orbital Command  
  19  1:32  Reaper  
  20  1:40  Command Center  
  20  1:51  Factory  
  20  1:57  SCV  
  21  2:06  Barracks Reactor  
  21  2:09  SCV  
  21  2:13  Supply Depot  
  22  2:20  Refinery  
  22  2:21  SCV  
  23  2:35  SCV  
  24  2:42  Starport  
  24  2:47  SCV  
  24  2:48  Hellion x2  
  24  2:50  Barracks Tech Lab  
  29  2:52  Orbital Command  
  29  2:59  SCV  
  30  3:09  Hellion x2  
  30  3:11  SCV  
  35  3:19  Supply Depot  
  35  3:21  SCV  
  35  3:23  SCV  
  35  3:25  Cloaking Field  
  37  3:30  Banshee  
  37  3:33  SCV  
  41  3:36  SCV  
  41  3:40  Marine x2  
  44  3:44  Factory Reactor  
  44  3:45  Supply Depot, SCV  
  45  3:48  SCV  
  46  3:58  SCV, Marine x2  
  46  4:00  SCV  
  50  4:09  Supply Depot  
  49  4:10  SCV  
  49  4:12  Banshee, SCV  
  49  4:16  Marine x2  
  56  4:21  Hellion x2, Armory  
  56  4:22  SCV  
  61  4:25  SCV  
  62  4:33  Supply Depot  
  62  4:34  SCV  
  62  4:37  SCV, Marine x2  
  66  4:46  Hellion, SCV  
  66  4:49  SCV  
  70  4:52  Supply Depot  
  70  4:55  Hellion  
  70  4:58  SCV  
  73  5:01  SCV  
  74  5:09  Command Center  
  74  5:10  SCV  
  74  5:13  SCV  
  76  5:15  Barracks Tech Lab  
  76  5:16  Supply Depot  
  76  5:22  SCV  
  76  5:24  Drilling Claws  
  76  5:26  Barracks  
  77  5:28  Supply Depot  
  77  5:29  Widow Mine  
  77  5:30  Barracks  
  77  5:32  Refinery x2  
  77  5:33  Marine  
  77  5:34  Stimpack  
  80  5:35  Starport Reactor  
  80  5:40  SCV  
  78  5:43  SCV  
  73  5:51  Marine  
  73  5:52  SCV  
  73  5:55  SCV  
  73  6:00  Widow Mine  
  73  6:02  Engineering Bay  
  73  6:04  SCV  
  74  6:05  Engineering Bay  
  74  6:07  SCV  
  74  6:09  Marine  
  74  6:16  SCV  
  74  6:17  Medivac x2  
  74  6:18  Marine x4  
  80  6:19  SCV  
  80  6:23  Orbital Command  
  80  6:24  Widow Mine  
  86  6:27  Marine  
  86  6:28  SCV  
  86  6:31  Terran Infantry Weapons Level 1, SCV  
  86  6:32  Terran Infantry Armor Level 1  
  89  6:36  Marine x3  
  92  6:44  Marine x2, Barracks  
  92  6:46  Barracks  
  94  6:50  Orbital Command  
  94  6:53  Marine  
  95  6:54  SCV x2  
  95  6:56  Starport Reactor  
  95  6:59  Marine x2  
  99  7:02  Widow Mine x2, Marine x2  
  99  7:06  SCV x2  
  99  7:07  Supply Depot  
  107  7:11  Marine  
  107  7:14  Combat Shield  
  108  7:16  Marine  
  108  7:17  SCV  
  108  7:18  SCV x2  
  108  7:19  Supply Depot  
  112  7:25  Marine x2  
  112  7:26  Marine  
  112  7:29  SCV  
  112  7:30  Supply Depot, SCV  
  112  7:31  SCV, Siege Tank  
  112  7:32  Orbital Command  
  112  7:33  Factory  
  112  7:34  Barracks Tech Lab  
  112  7:35  Marine  
  111  7:38  Marine  
  111  7:39  Medivac x2  
  111  7:41  Marine  
  111  7:43  SCV  
  102  7:45  Marauder  
  102  7:47  Marine x3  
  102  7:50  SCV  
  103  7:53  Marine  
  103  7:55  SCV  
  103  7:56  Marine  
  103  7:57  Marine  
  107  7:58  Marine  
  107  8:03  SCV  
  107  8:05  Marine x3  
  107  8:06  Marauder  
  107  8:07  SCV  
  107  8:11  Marine  
  107  8:12  Siege Tank  
  107  8:13  Marine  
  107  8:14  Medivac x2  
  107  8:15  Marine  
  107  8:17  Marine  
  114  8:21  Factory Tech Lab  
  114  8:22  SCV x3  
  114  8:23  Marine x3  
  118  8:27  Marine  
  118  8:28  Marine  
  118  8:31  Marine  
  118  8:33  Marine  
  121  8:36  SCV x2  
  121  8:38  Terran Infantry Weapons Level 2  
  123  8:44  Siege Tank, Marine x3  
  123  8:45  Marauder, Marine  
  128  8:56  Orbital Command  
  128  8:58  Supply Depot x2  
  128  8:59  Supply Depot  
  125  9:03  Marine  
  125  9:05  Marauder, Siege Tank  
  125  9:08  Marauder  
  125  9:11  Medivac x2  
  125  9:12  Marine  
  125  9:19  Marine x4  
  125  9:21  Marine  
  125  9:23  Supply Depot  
  130  9:26  Marauder  
  130  9:27  Siege Tank, Orbital Command  
  130  9:29  Marine  
  130  9:30  Marine  
  136  9:36  Supply Depot  
  136  9:37  Marine x4  
  140  9:39  Supply Depot, Marine  
  140  9:42  SCV x2  
  140  9:45  Siege Tank  
  147  9:47  Marine x2  
  147  9:48  Marauder  
  150  9:54  SCV x2  
  150  9:55  Marine x2  
  150  9:57  SCV  
  150  9:59  Marine x3  
  158  10:06  SCV  
  159  10:10  Supply Depot, Missile Turret  
  159  10:15  Terran Infantry Armor Level 2  
  159  10:16  Marauder, Marine  
  159  10:17  Marine  
  159  10:21  Marine x2  
  164  10:26  Siege Tank  
  164  10:27  Siege Tank  
  161  10:29  Marine x2  
  161  10:30  Marine  
  161  10:34  Marine  
  165  10:38  Liberator  
  165  10:39  Liberator  
  165  10:41  Marine  
  165  10:42  Marauder, Marine  
  173  10:51  Marauder, Marine x2  
  173  10:53  Marine x2  
  173  10:58  Siege Tank  
  172  11:04  Marauder  
  172  11:05  Orbital Command  
  172  11:07  Marine  
  172  11:10  Marine  
  153  11:12  Marine  
  153  11:16  Marine  
  147  11:24  Marauder  
  135  11:26  Marine  
  135  11:31  Marauder  
  134  11:33  Marine  
  134  11:38  SCV x2  
  136  11:48  Marine  
  136  11:49  Marauder  
  136  11:53  Marine  
  134  12:01  SCV  
  134  12:02  SCV  
  132  12:09  Marine  
  132  12:10  Marauder, SCV  
  132  12:14  SCV x2  
  132  12:15  Marauder  
  137  12:20  Marine x2  
  136  12:29  Supply Depot  
  136  12:35  Marine  
  136  12:36  Marine  
  136  12:37  Marine  
  139  12:51  Marauder, Siege Tank x2  
  146  13:01  Marine  
  146  13:02  Marauder  
  149  13:09  Marine  
  149  13:12  Marine  
  149  13:13  Medivac x2  
  149  13:14  Marauder, Marine  
  138  13:20  Marine  
  138  13:23  Marauder  
  140  13:36  Marauder  
  140  13:39  Marine  
  140  13:40  Marine x2  
  144  13:42  Marine  
  144  13:43  Marine x2  
  144  13:44  Marauder  
  149  13:53  Viking  
  151  13:56  Marine  
  151  13:57  Marine  
  148  14:11  Siege Tank  
  127  14:19  Marine x2  
  127  14:20  Marauder  
  127  14:21  Marine  
  127  14:22  Marine  
Show
View Real Time Build Order
Export as new Build Order

Cham Zerg 

Build Orders: Hatch First 

Get SALT Encoding   

  12  0:00  Drone  
  13  0:08  Drone  
  14  0:18  Overlord  
  14  0:37  Drone x2  
  16  0:46  Hatchery  
  15  0:50  Drone  
  15  0:55  Drone  
  17  0:59  Drone  
  18  1:11  Spawning Pool  
  18  1:13  Extractor  
  18  1:16  Drone  
  17  1:21  Drone  
  18  1:31  Drone  
  19  1:43  Drone  
  20  1:53  Drone  
  21  1:58  Queen x2  
  21  1:59  Zergling x2  
  26  2:03  Zergling x2  
  27  2:09  Drone  
  28  2:21  Hatchery, Overlord  
  27  2:25  Drone  
  27  2:29  Metabolic Boost  
  28  2:40  Queen  
  28  2:42  Drone  
  31  2:44  Drone  
  31  2:45  Drone  
  31  2:49  Drone  
  34  2:52  Overlord  
  34  2:55  Drone  
  34  2:57  Drone  
  36  3:09  Overlord  
  36  3:10  Drone x2  
  36  3:11  Drone  
  39  3:14  Queen  
  39  3:17  Drone  
  42  3:21  Overlord  
  42  3:25  Queen  
  44  3:30  Overlord  
  44  3:32  Drone  
  45  3:44  Queen  
  45  3:46  Overlord  
  47  3:48  Drone x2  
  47  3:50  Queen  
  47  3:53  Zergling x6  
  50  4:05  Drone  
  50  4:06  Drone  
  50  4:08  Drone  
  50  4:09  Drone x3  
  56  4:12  Spore Crawler  
  56  4:15  Drone  
  56  4:16  Drone  
  57  4:18  Drone  
  57  4:20  Drone  
  57  4:23  Overlord  
  60  4:26  Zergling x2  
  60  4:27  Drone, Zergling x2  
  60  4:29  Drone  
  60  4:30  Drone  
  65  4:32  Drone  
  65  4:33  Drone  
  65  4:35  Drone  
  68  4:38  Lair  
  68  4:42  Queen  
  70  4:47  Spore Crawler  
  70  4:48  Spore Crawler  
  70  4:50  Spore Crawler  
  70  4:52  Drone x2  
  69  4:55  Drone  
  69  4:56  Drone x2  
  69  4:59  Drone x3  
  73  5:02  Drone  
  73  5:04  Drone  
  73  5:08  Drone x2  
  73  5:10  Drone x2  
  73  5:12  Extractor  
  76  5:14  Drone  
  76  5:15  Drone x2  
  76  5:17  Overlord  
  79  5:24  Queen  
  79  5:26  Spore Crawler  
  79  5:27  Spore Crawler  
  79  5:31  Zergling x8  
  79  5:32  Zergling x4  
  79  5:33  Zergling x4  
  87  5:38  Zergling x2  
  87  5:39  Zergling x4  
  90  5:47  Zergling x2  
  90  5:48  Zergling x2  
  86  5:51  Zergling x4  
  87  6:00  Drone x2, Zergling x4  
  87  6:01  Drone  
  92  6:05  Drone x2  
  92  6:07  Overlord  
  92  6:11  Roach Warren  
  89  6:12  Evolution Chamber, Extractor x3  
  89  6:13  Extractor  
  89  6:14  Drone x2  
  89  6:18  Drone x3  
  88  6:19  Hatchery  
  88  6:22  Overlord  
  88  6:24  Drone, Evolution Chamber  
  86  6:30  Overlord  
  86  6:33  Overlord  
  86  6:35  Overlord  
  86  6:41  Drone, Overlord  
  86  6:43  Overseer  
  86  6:44  Drone x2  
  89  6:55  Glial Reconstitution  
  89  6:56  Zerg Missile Weapons Level 1, Zerg Ground Armor Level 1  
  89  6:58  Drone  
  89  7:00  Roach x5  
  100  7:07  Overlord  
  100  7:08  Overlord  
  100  7:09  Roach x3  
  100  7:11  Roach x2  
  100  7:13  Roach x2  
  114  7:19  Roach  
  116  7:26  Roach  
  116  7:28  Roach  
  116  7:29  Roach  
  119  7:31  Roach x3  
  119  7:35  Roach  
  125  7:41  Roach x2  
  125  7:42  Roach x3  
  129  7:46  Ravager x3  
  129  7:47  Ravager  
  131  7:52  Roach  
  131  7:53  Roach x5  
  131  7:58  Roach  
  143  8:03  Roach x2  
  143  8:04  Roach x2  
  144  8:12  Roach x4  
  147  8:13  Roach x2  
  147  8:17  Overseer  
  147  8:18  Overseer  
  147  8:22  Overlord x2  
  147  8:23  Overlord  
  147  8:30  Overlord  
  146  8:35  Overlord x2  
  146  8:38  Overlord  
  146  8:46  Roach  
  146  8:47  Roach x7  
  162  8:51  Ravager x2  
  162  8:54  Infestation Pit  
  150  8:59  Roach  
  150  9:00  Roach x4  
  150  9:02  Ravager  
  151  9:07  Roach x3  
  147  9:13  Roach x3  
  151  9:18  Drone x4  
  151  9:20  Extractor  
  151  9:21  Drone x2  
  151  9:22  Extractor  
  151  9:23  Drone  
  156  9:31  Roach x3  
  160  9:32  Drone  
  160  9:34  Hive  
  153  9:47  Infestor x2  
  153  9:50  Drone x4  
  153  9:52  Spire  
  160  9:55  Overlord  
  160  10:02  Roach x4  
  160  10:05  Ravager x2  
  170  10:15  Zerg Ground Armor Level 2  
  170  10:20  Roach x5, Overlord  
  176  10:23  Roach  
  176  10:24  Roach x2  
  178  10:33  Roach x3  
  184  10:37  Roach x2  
  184  10:41  Roach x3  
  194  10:44  Roach x3  
  200  10:51  Overlord  
  187  11:08  Roach x8  
  187  11:09  Roach  
  136  11:20  Roach  
  136  11:21  Roach x4  
  136  11:24  Queen x2, Roach  
  131  11:30  Roach  
  119  11:33  Ravager x2, Roach  
  119  11:34  Roach  
  120  11:42  Hatchery  
  120  11:43  Roach x3  
  120  11:45  Ravager  
  120  11:46  Ravager x3  
  125  11:47  Roach  
  125  11:48  Roach  
  129  12:00  Queen  
  129  12:05  Roach x5  
  131  12:20  Ravager  
  131  12:43  Hatchery  
  128  13:00  Roach x3  
  128  13:04  Roach  
  136  13:16  Roach x3  
  134  13:24  Roach  
  136  13:34  Roach x2  
  138  13:43  Ravager  
  138  13:48  Roach x4  
  147  14:02  Roach x4  
  137  14:14  Roach  
  137  14:15  Roach x2  
  115  14:23  Roach x4  

Tags
 
Add a new tag
Caveats
  • Supply blocks, unpowered buildings, or Contaminate may cause inaccurate times.
  • Supply counts are checked every 10 seconds.